 Dungeon Crawl Stone Soup version 0.27-a0-1140-g099f9bb0e8 (webtiles) character file.

Game seed: 9955997094788316737

243 leviel the Chopper (level 5, -4/45 HPs)
             Began as a Minotaur Fighter on May 8, 2021.
             Slain by Eustachio
             ... wielding a +3 rapier of electrocution
              (12 damage)
             ... on level 3 of the Dungeon.
             The game lasted 00:02:56 (3380 turns).

leviel the Chopper (Minotaur Fighter)               Turns: 3380, Time: 00:02:56

Health: -4/45      AC:  8    Str: 22      XL:     5   Next: 82%
Magic:  4/4        EV:  7    Int:  5      God:
Gold:   120        SH:  9    Dex:  8 (9)  Spells: 4/4 levels left

rFire    . . .     SeeInvis +   a - +0 war axe
rCold    . . .     Faith    .   c - +0 kite shield
rNeg     . . .     Spirit   .   b - +0 scale mail
rPois    .         Reflect  .   (helmet restricted)
rElec    .         Harm     .   (no cloak)
rCorr    .         Rampage  .   p - +0 pair of gloves
Will     .....                  (no boots)
Stlth    ..........             (no amulet)
HPRegen  0.15/turn              e - ring of see invisible
MPRegen  0.09/turn              (no ring)

@: no status effects
A: horns 2, retaliatory headbutt
a: no special abilities


You were on level 3 of the Dungeon.
You visited 1 branch of the dungeon, and saw 4 of its levels.

You collected 120 gold pieces.

Inventory:

Hand Weapons
 a - a +0 war axe (weapon)
Armour
 b - a +0 scale mail (worn)
 c - a +0 kite shield (worn)
 p - a +0 pair of gloves (worn)
Jewellery
 e - a ring of see invisible (left hand)
Scrolls
 i - a scroll of enchant armour {unknown}
 l - a scroll of magic mapping {unknown}
 m - 3 scrolls of identify {unknown}
 n - a scroll of summoning {unknown}
Potions
 f - 2 potions of attraction {unknown}
 g - 3 potions of haste {unknown}
 h - a potion of heal wounds {unknown}
 k - a potion of brilliance {unknown}
 o - a potion of cancellation {unknown}


   Skills:
 - Level 3.6 Fighting
 + Level 7.5 Axes
 - Level 3.6 Armour
 - Level 3.6 Shields


You had 4 spell levels left.
You didn't know any spells.
Your spell library was empty.

Dungeon Overview and Level Annotations

Branches:
Dungeon (4/15)
 Temple: D:4-7

Altars:

Shops:
D:2 [

Annotations:
D:3 Eustachio


Innate Abilities, Weirdness & Mutations

You have a pair of horns on your head.
You reflexively headbutt those who attack you in melee.


Message History

The bat's corpse disappears in a puff of smoke!
You see here a hobgoblin corpse.
You see here a +0 falchion.
You are too injured to fight recklessly!
You are too injured to fight recklessly!
You are too injured to fight recklessly!
You hit the river rat but do no damage.
The river rat bites you but does no damage.
You hit the river rat but do no damage. You block the river rat's attack.
The river rat bites you.
You slash the river rat!
You kill the river rat!
The river rat's corpse disappears in a puff of smoke!
You slash the river rat!
You kill the river rat!
The river rat's corpse disappears in a puff of smoke!
You barely miss the rat. The rat bites you but does no damage.
You block the rat's attack.
You slash the rat!
You kill the rat!
The rat's corpse disappears in a puff of smoke!
Eustachio casts a spell.
Eustachio blinks!
Eustachio casts a spell.
Eustachio blinks!
You start resting.
Eustachio is nearby!
You are too injured to fight recklessly!
Eustachio mumbles some strange words.
Eustachio blinks!
You are too injured to fight recklessly!
You are too injured to fight recklessly!
Eustachio gestures wildly while chanting.
You see here a +0 falchion.
Eustachio casts a spell.
Eustachio blinks!
Eustachio hits you with a +3 rapier of electrocution!
* * * LOW HITPOINT WARNING * * *
You are electrocuted!
You die...

#.##..........#..#
#.##..........#..#
#)#........#.....#
#.#........#..#...
##############.#......#####....
#..............#........# #..#.
##r##########).#.####.#.###..#.
#.# #.....####.#...##### #.#
#.r@@............... #.#
#.§.######.#....#.#. #.#
#†..######.#.##.#.#. #.#
#.>................. #r#
#.#.######.#.##.#.#. #r# #.#.#
#.#......#. #.# #.###
########### #r# #######.# #.#
#.rr....##################


You could see Eustachio and a quokka (summoned).

Vanquished Creatures
  Grinder (D:3)
  An adder (D:2)
  An orc (D:4)
  3 ball pythons (D:1)
  An endoplasm (D:2)
  2 giant cockroaches
  5 hobgoblins
  2 jackals (D:1)
  A quokka (D:1)
  4 bats
  4 frilled lizards (D:2)
  5 goblins
  5 kobolds
  2 rats (D:2)
37 creatures vanquished.

Notes
Turn   | Place    | Note
-------+----------+-------------------------------------------
     0 | D:1      | leviel the Minotaur Fighter began the quest for the Orb.
     0 | D:1      | Reached XP level 1. HP: 19/19 MP: 0/0
   167 | D:1      | Reached skill level 3 in Axes
   455 | D:1      | Reached XP level 2. HP: 13/26 MP: 1/1
  1424 | D:2      | Reached skill level 4 in Axes
  1862 | D:2      | Found Vaynulo's Antique Armour Emporium.
  1912 | D:2      | Reached XP level 3. HP: 24/31 MP: 2/2
  2799 | D:3      | Noticed Grinder
  2807 | D:3      | Killed Grinder
  2808 | D:3      | Reached skill level 7 in Axes
  2808 | D:3      | Reached XP level 4. HP: 24/39 MP: 3/3
  2808 | D:3      | Reached XP level 5. HP: 28/45 MP: 4/4
  3271 | D:4      | Noticed Eustachio
  3380 | D:3      | Slain by Eustachio

Illustrated notes

Levels and vault maps discovered:
D:1:      erik_arrival_triangle_small, layout_basic
D:2:      layout_loops_corners, serial_shops, nicolae_shop_stone,
          minmay_split_cup_small
D:3:      layout_basic, minivault_19, hangedman_decor_push,
          roderic_roman_lattice, uniq_grinder
D:4:      layout_cave_pods, minmay_temple_entry_tees, uniq_pikel,
          uniq_eustachio, uniq_ijyb

Skill      XL: |  1  2  3 |
---------------+----------+-----
Axes           | 3 4 7 |  7.5
Fighting       | |  3.6
Armour         | |  3.6
Shields        | |  3.6

Action                   |  1- 3 |  4- 6 || total
-------------------------+-------+-------++-------
Melee: War axe           |    67 |    23 ||    90
       Headbutt          |     9 |     1 ||    10
  Use: Potion            |     1 |     2 ||     3
Armor: Scale mail        |    26 |    22 ||    48
Dodge: Dodged            |    24 |    17 ||    41
Block: Kite shield       |    40 |    22 ||    62

Table legend: (Time is in decaauts)
 A = Elapsed time spent in this place.
 B = Non-inter-level travel time spent in this place.
 C = Inter-level travel time spent in this place.
 D = Time resting spent in this place.
 E = Time spent auto-exploring this place.
 F = Levels seen in this place.
 G = Mean time per level.
                   A        B        C        D        E       F      G
               +--------+--------+--------+--------+--------+-----+--------+
         Total |   3424 |   3386 |     38 |    644 |   2414 |   4 |  856.0 |
       Dungeon |   3424 |   3386 |     38 |    644 |   2414 |   4 |  856.0 |
               +--------+--------+--------+--------+--------+-----+--------+

Top non-repeatable levels by time:
     D:1: 1300 daAuts
     D:2: 1238 daAuts
     D:3: 875 daAuts
     D:4: 10 daAuts
